 Dungeon Crawl Stone Soup version 0.29-a0-334-gb41bcbb86e (webtiles) character file.

Game seed: 10543645758964892697

7124 rabbitsville the Ogre Mage (level 11, -4/79 HPs)
             Began as an Ogre Air Elementalist on Apr 13, 2022.
             Was a Priest of Hepliaklqana.
             Slain by a boulder beetle (16 damage)
             ... on level 10 of the Dungeon.
             The game lasted 00:32:27 (8050 turns).

rabbitsville the Ogre Mage (Ogre Air Elementalist)  Turns: 8050, Time: 00:32:27

Health: -4/79      AC:  6    Str: 20    XL:     11   Next: 10%
Magic:  8/36       EV: 10    Int: 20    God:    Hepliaklqana [***...]
Gold:   410        SH:  0    Dex: 18    Spells: 23/35 levels left

rFire   . . .      SeeInvis .   p - staff of conjuration
rCold   . . .      Faith    .   (no shield)
rNeg    . . .      Spirit   .   r - +1 robe of the Invisible Hand {*Corrode rPois MP+9 Dex+3}
rPois   +          Reflect  .   (helmet restricted)
rElec   .          Harm     .   i - +1 cloak
rCorr   .          Rampage  .   (gloves unavailable)
Will    +....                   (boots unavailable)
Stlth   ++........              f - amulet of magic regeneration
HPRegen 0.23/turn               q - +6 ring of strength
MPRegen 0.65/turn               u - +6 ring of dexterity

@: swift, on berserk cooldown, slowed
A: reduced essence, large, unfitting armour, tough skin 1
a: Renounce Religion, Recall Ancestor, Ancestor Identity, Transference


You were on level 10 of the Dungeon.
You worshipped Hepliaklqana.
Hepliaklqana was most pleased with you.
You visited 2 branches of the dungeon, and saw 12 of its levels.

You collected 410 gold pieces.

Inventory:

Hand Weapons
 c - a +0 hand axe
Missiles
 y - a throwing net
Armour
 a - a +0 robe
 i - a +1 cloak (worn)
 r - the +1 robe of the Invisible Hand (worn) {*Corrode rPois MP+9 Dex+3}
   (You found it on level 4 of the Dungeon)

   Dex:       It affects your dexterity (+3).
   rPois:     It protects you from poison.
   MP:        It affects your magic capacity (+9).
   *Corrode:  It may corrode you when you take damage.
Magical Staves
 p - a staff of conjuration (weapon)
Jewellery
 f - an amulet of magic regeneration (around neck)
 q - a +6 ring of strength (left hand)
 u - a +6 ring of dexterity (right hand)
 v - an amulet of reflection
Wands
 s - a wand of flame (57)
 t - a wand of iceblast (9)
 A - a wand of paralysis (4)
Scrolls
 e - a scroll of torment
 g - 4 scrolls of immolation
 h - a scroll of magic mapping
 j - 3 scrolls of enchant armour
 k - 3 scrolls of teleportation
 l - a scroll of fear
 w - a scroll of blinking
 x - 2 scrolls of enchant weapon {unknown}
 B - a scroll of vulnerability
 C - a scroll of identify
 E - a scroll of noise {unknown}
Potions
 b - a potion of magic
 d - a potion of berserk rage
 m - 3 potions of might
 n - 2 potions of mutation
 o - 5 potions of curing
 z - a potion of invisibility
 D - a potion of ambrosia {unknown}


   Skills:
 - Level 1.7 Dodging
 - Level 1.4 Stealth
 + Level 12.7 Spellcasting
 - Level 0.8 Conjurations
 * Level 5.0 Transmutations
 - Level 10.3 Air Magic


You had 23 spell levels left.
You knew the following spells:

 Your Spells              Type           Power      Damage    Failure   Level
a - Shock                 Conj/Air       100%       1d9       1%          1
b - Static Discharge      Conj/Air       51%        N/A       1%          2
c - Poisonous Vapours     Pois/Air       66%        N/A       1%          2
d - Airstrike             Air            26%        N/A       1%          4
e - Swiftness             Air            52%        N/A       1%          3

Your spell library contained the following spells:

 Spells                   Type           Power      Damage    Failure   Level
 Corpse Rot               Necr/Air       66%        N/A       1%          2
 Gell's Gravitas          Tloc           12%        N/A       16%         3
 Portal Projectile        Hex/Tloc       24%        N/A       16%         3
 Teleport Other           Tloc           12%        N/A       16%         3
 Petrify                  Tmut/Erth      22%        N/A       19%         4
 Blade Hands              Tmut           16%        N/A       19%         5
 Excruciating Wounds      Necr           6%         N/A       82%         5
 Metabolic Englaciation   Hex/Ice        6%         N/A       82%         5
 Statue Form              Tmut/Erth      14%        N/A       96%         6
 Dispersal                Tloc           6%         N/A       100%        6


Dungeon Overview and Level Annotations

Branches:
Dungeon (11/15)            Temple (1/1) D:5
   Lair: D:8-11         Orc: D:9-12

Altars:
Dithmenos
Elyvilon
Fedhas
Hepliaklqana
Kikubaaqudgha
Makhleb
Nemelex Xobeh
Okawaru
Qazlal
Ru
Sif Muna
Trog
Uskayaw
Vehumet
Xom
Yredelemnul
Zin
The Shining One

Shops:
D:4 *

Portals:
Abyss: D:3

Annotations:
D:3 2 transporters, Antichthon's ghost, amateur NaWr


Innate Abilities, Weirdness & Mutations

Your life essence is reduced to manifest your ancestor. (-10% HP)
You are too large for most types of armour.
You have tough skin. (AC +1)


Message History

Unknown command.
You feel better.
The boulder beetle bites you but does no damage.
It was a potion of berserk rage.
A red film seems to cover your vision as you go berserk!
You feel yourself moving faster!
You feel mighty! The boulder beetle bites you!!
* * * LOW HITPOINT WARNING * * *
You are too berserk!
You are too berserk!
You are too berserk!
You feel a strong urge to attack something.
The boulder beetle leaps!
You feel your anger nearly subside.
You are no longer berserk.
You are exhausted.
You feel yourself slow down.
Aiming: Airstrike (mildly dangerous; 1% risk of failure)
Press: ? - help, Q - select action, (/) - cycle Dir - move target, f - you
Okay, then.
Unknown command.
You are too injured to fight recklessly!
Casting: Swiftness (safe; 1% risk of failure)
Press: ? - help, Q - select action, (/) - cycle Dir - look around, f - activate You feel quick.
The boulder beetle curls into a ball and begins rolling!
You are too injured to fight recklessly!
Aiming: Airstrike (mildly dangerous; 1% risk of failure)
Press: ? - help, Q - select action, (/) - cycle Dir - move target, f - boulder beetle
Aim: a boulder beetle (heavily wounded, rolling, empty space bonus: 8/8)
The air twists around and strikes the boulder beetle!
The boulder beetle is severely wounded.
The boulder beetle misses you.
The boulder beetle stops rolling and uncurls.
The boulder beetle curls into a ball and begins rolling!
The boulder beetle barely misses you.
The boulder beetle stops rolling and uncurls.
The boulder beetle attacks as you move away!
The boulder beetle bites you!
You die...

.......##.....##.#
...##..+##...##..#
...##..#.....)...#
#####.....# #.....#
#.....# +.###.#
#.###.#
##+######+######@....#
.....B........°B.....#
.......####..........#
.......# #.......#..#
.......####.......#..#
.......°°............#
.....................#
.....................#
######################


You could see a boulder beetle.

Vanquished Creatures
  2 two-headed ogres
  Pikel (D:7)
  A gargoyle (D:7)
  Maggie (D:7)
  A shadow (D:10)
  A vampire (D:7)
  9 yaks
  Menkaure (D:5)
  Edmund (D:4)
  3 water moccasins
  Duvessa (D:5)
  2 ice beasts (D:5)
  An orc warrior (D:10)
  2 black bears (D:6)
  2 centaurs (D:7)
  A sky beast (D:7)
  2 ogres (D:10)
  3 phantoms
  A kobold brigand (D:9)
  3 bullfrogs
  A scorpion (D:8)
  Dowan (D:5)
  3 jellies
  A howler monkey (D:5)
  3 hounds
  2 orc priests
  2 gnoll shamans
  Jessica (D:3)
  5 iguanas
  5 orc wizards
  8 gnolls
  8 adders
  A shadow imp (D:5)
  7 dart slugs
  A worm (D:3)
  25 orcs
  9 ball pythons
  7 endoplasms
  A giant cockroach (D:3)
  8 goblins
  6 hobgoblins
  2 jackals (D:1)
  2 quokkas
  5 bats
  5 frilled lizards (D:1)
  17 kobolds
  4 rats
179 creatures vanquished.

Vanquished Creatures (collateral kills)
  2 yaks (D:7)
  A gnoll (D:7)
  An orc (D:7)
4 creatures vanquished.

Vanquished Creatures (others)
  An ancestor (D:7)
  28 fungi (D:8)
  30 plants (D:8)
59 creatures vanquished.

Grand Total: 242 creatures vanquished

Notes
Turn   | Place    | Note
-------+----------+-------------------------------------------
     0 | D:1      | rabbitsville the Ogre Air Elementalist began the quest for
                  | the Orb.
     0 | D:1      | Reached XP level 1. HP: 16/16 MP: 3/3
   336 | D:1      | Reached XP level 2. HP: 24/24 MP: 3/5
   500 | D:1      | Reached skill level 3 in Spellcasting
   694 | D:1      | Reached XP level 3. HP: 31/31 MP: 5/7
  1565 | D:2      | Reached XP level 4. HP: 39/39 MP: 7/9
  1652 | D:2      | Learned a level 2 spell: Static Discharge
  1788 | D:2      | Found a faded altar of an unknown god.
  1976 | D:3      | Found a sacrificial altar of Ru.
  2116 | D:3      | Noticed Jessica
  2119 | D:3      | Killed Jessica
  2120 | D:3      | Reached skill level 4 in Spellcasting
  2130 | D:3      | Found a transporter.
  2134 | D:3      | Found a transporter.
  2138 | D:3      | Noticed a small abomination
  2139 | D:3      | Found a one-way gate to the infinite horrors of the Abyss.
  2139 | D:3      | Noticed Antichthon's ghost (amateur NaWr)
  2140 | D:3      | Noticed a kobold brigand
  2354 | D:3      | Reached XP level 5. HP: 42/45 MP: 8/11
  2868 | D:4      | Reached skill level 5 in Spellcasting
  2869 | D:4      | Noticed Edmund
  2888 | D:4      | Killed Edmund
  2889 | D:4      | Reached XP level 6. HP: 19/53 MP: 1/14
  3167 | D:4      | Found Zin's Purification Station.
  3168 | D:4      | Found a glowing silver altar of Zin.
  3193 | D:4      | Found a stormy altar of Qazlal.
  3209 | D:4      | Identified the +4 ring mail "Ynek" {Harm Will++ Str+4
                  | Slay-3}
  3223 | D:4      | Reached skill level 5 in Air Magic
  3478 | D:4      | Reached XP level 7. HP: 58/59 MP: 10/15
  3479 | D:4      | Identified the +1 robe of the Invisible Hand {*Corrode
                  | rPois MP+9 Dex+3}
  3613 | D:5      | Entered Level 5 of the Dungeon
  3695 | D:5      | Noticed a yak
  3704 | D:5      | Noticed a yak
  3715 | D:5      | Noticed a yak
  3716 | D:5      | Killed a yak
  3717 | D:5      | Reached skill level 6 in Spellcasting
  3722 | D:5      | Killed a yak
  3725 | D:5      | Killed a yak
  3726 | D:5      | Reached skill level 7 in Spellcasting
  3726 | D:5      | Reached XP level 8. HP: 5/67 MP: 3/18
  4249 | D:5      | Noticed Menkaure
  4252 | D:5      | Killed Menkaure
  4253 | D:5      | Reached skill level 8 in Spellcasting
  4468 | D:5      | Found a shadowy altar of Dithmenos.
  4546 | D:5      | Noticed Duvessa
  4560 | D:5      | Killed Duvessa
  4560 | D:5      | Noticed Dowan
  4563 | D:5      | Killed Dowan
  4636 | D:5      | Learned a level 2 spell: Poisonous Vapours
  4641 | D:5      | Learned a level 4 spell: Airstrike
  4849 | D:5      | Reached XP level 9. HP: 71/74 MP: 21/21
  4862 | D:5      | Found a burning altar of Makhleb.
  4900 | D:5      | Reached skill level 9 in Spellcasting
  5185 | D:5      | Found a staircase to the Ecumenical Temple.
  5191 | Temple   | Entered the Ecumenical Temple
  5259 | Temple   | Became a worshipper of Hepliaklqana the Forgotten
  5901 | D:6      | Reached * piety under Hepliaklqana
  6012 | D:7      | Reached skill level 10 in Spellcasting
  6073 | D:7      | Noticed Pikel
  6077 | D:7      | Killed Pikel
  6117 | D:7      | Noticed a gargoyle
  6121 | D:7      | Killed a gargoyle
  6122 | D:7      | Reached XP level 10. HP: 72/72 MP: 18/24
  6124 | D:7      | Reached skill level 11 in Spellcasting
  6279 | D:7      | Noticed Maggie
  6284 | D:7      | Killed Maggie
  6485 | D:7      | Reached skill level 10 in Air Magic
  6991 | D:8      | Reached ** piety under Hepliaklqana
  6991 | D:8      | Found a glowing golden altar of the Shining One.
  6992 | D:8      | Remembered your ancestor Synnove as a knight
  7085 | D:8      | Reached skill level 12 in Spellcasting
  7133 | D:8      | Reached skill level 1 in Transmutations
  7147 | D:8      | You fall into a shaft and drop 3 floors!
  7214 | D:10     | Entered Level 10 of the Dungeon
  7306 | D:10     | Found a radiant altar of Vehumet.
  7386 | D:10     | Found a sparkling altar of Nemelex Xobeh.
  7417 | D:10     | Noticed a two-headed ogre
  7422 | D:10     | Killed a two-headed ogre
  7661 | D:9      | Noticed a two-headed ogre
  7670 | D:9      | Killed a two-headed ogre
  7796 | D:9      | Learned a level 3 spell: Swiftness
  7806 | D:9      | Reached *** piety under Hepliaklqana
  7836 | D:9      | Reached XP level 11. HP: 71/79 MP: 21/27
  7966 | D:10     | Found a bloodstained altar of Trog.
  7982 | D:10     | Reached skill level 5 in Transmutations
  8026 | D:10     | Noticed a boulder beetle
  8050 | D:10     | Slain by a boulder beetle

Illustrated notes

Levels and vault maps discovered:
D:1:      erik_arrival_cave_to_civilisation [erik_arrival_cave_to_hall],
          layout_basic
D:2:      layout_basic, hellmonk_ecumenical_altar_leap_of_faith
D:3:      layout_basic, lemuel_coloured_pillars_altar,
          gammafunk_ghost_abyssal_escape, hangedman_decor_points,
          minmay_fractal_squares_gapless_5, uniq_jessica
D:4:      layout_loops_ring, zin_purify, overflow_temple_1_default,
          fountainhead, uniq_edmund
D:5:      layout_loops_corners, nicolae_dithmenos_the_darkroom,
          lemuel_crystal_altar, minmay_temple_entry_hall,
          kennysheep_generic_room_8, uniq_duvessa, uniq_menkaure
D:6:      layout_rooms, chequers_garden, kennysheep_another_room,
          grunt_ministairs_1
D:7:      layout_loops_ring, ebering_dispersal_statue_hall, uniq_maggie,
          uniq_pikel
D:8:      layout_cave_pools, evilmike_ruin_ashenzari,
          mainiacjoe_overflow_catwalk, gammafunk_temple_overflow_elements,
          due_lair_maze_entry_diamond, serial_shops, shop_fountains,
          minmay_fractal_squares_diagonal_5
D:9:      layout_cave_pools, grunt_gozag_breadcrumbs, serial_rivers,
          chequers_serial_rivers_room_a, chequers_serial_rivers_micro_b,
          chequers_serial_rivers_small_3, chequers_serial_rivers_small_a,
          chequers_serial_rivers_micro_d, gammafunk_ghost_stat_death, hex_large
D:10:     minmay_the_grid_octo_tiled_octocenter [minmay_the_grid_octo_empty,
          minmay_the_grid_octo_77, minmay_the_grid_octo_focus,
          minmay_the_grid_octo_clover_2, minmay_the_grid_octo_prize_big_c,
          minmay_the_grid_square_5x5_slash, minmay_the_grid_square_5x5_plus,
          minmay_the_grid_square_5x5_inverted_slash,
          minmay_the_grid_square_5x5_inset], layout_stronghold,
          trog_antimagical, nicolae_vehumet_altar_sigil,
          nicolae_overflow_crystal_walls, uniq_erolcha
D:11:     layout_basic, kennysheep_pointless_box, minivault_19,
          nicolae_wooded_promenade
Temple:   dpeg_three_leaves_temple

Skill      XL: |  1  2  3  4  5  6  7  8  9 10 11 |
---------------+----------------------------------+-----
Air Magic      | 3 4 5 6 7 9 10 | 10.3
Spellcasting   | 3 4 5 7 8 10 12 | 12.7
Transmutations | 4 5 |  5.0
Dodging        | |  1.7
Stealth        | |  1.4
Conjurations   | |  0.8

Action                   |  1- 3 |  4- 6 |  7- 9 | 10-12 || total
-------------------------+-------+-------+-------+-------++-------
Melee: Hand axe          |       |     5 |       |       ||     5
 Cast: Shock             |    88 |   111 |   122 |    19 ||   340
       Static Discharge  |       |    13 |    37 |       ||    50
       Airstrike         |       |       |    25 |   100 ||   125
       Swiftness         |       |       |       |     1 ||     1
Invok: Ancestor Life: Kn |       |       |       |     1 ||     1
  Use: Potion            |     1 |       |       |     2 ||     3
       Scroll            |       |       |       |    11 ||    11
Armor: Robe              |     5 |     5 |     9 |     2 ||    21
Dodge: Dodged            |     7 |    14 |    15 |    17 ||    53

Table legend: (Time is in decaauts)
 A = Elapsed time spent in this place.
 B = Non-inter-level travel time spent in this place.
 C = Inter-level travel time spent in this place.
 D = Time resting spent in this place.
 E = Time spent auto-exploring this place.
 F = Levels seen in this place.
 G = Mean time per level.
                   A        B        C        D        E       F      G
               +--------+--------+--------+--------+--------+-----+--------+
         Total |   8053 |   7822 |    231 |   1414 |   4696 |  12 |  671.1 |
       Dungeon |   7972 |   7751 |    221 |   1414 |   4638 |  11 |  724.7 |
        Temple |     81 |     71 |     10 |      0 |     58 |   1 |   81.0 |
               +--------+--------+--------+--------+--------+-----+--------+

Top non-repeatable levels by time:
     D:5: 1659 daAuts
     D:1: 1329 daAuts
     D:7: 1097 daAuts
     D:4: 929 daAuts
     D:3: 740 daAuts
     D:6: 624 daAuts
     D:2: 614 daAuts
    D:10: 471 daAuts
     D:9: 366 daAuts
  Temple: 81 daAuts
     D:8: 71 daAuts
    D:11: 66 daAuts
